[Event "Titled Tuesday Blitz November 01 Early 2022"]
[White "Korelskiy, Egor"]
[Black "Rohith Krishna S"]
[WhiteFideId "34329064"]
[BlackFideId "46617051"]
[WhiteElo "2053"]
[BlackElo "2270"]
[Result "1-0"]
[Round "04"]
[TimeControl "180+1"]
[Date "2022.11.02"]
[WhiteClock "0:00:08"]
[BlackClock "0:00:07"]

1. e4 e5 2. Nf3 Nc6 3. Bb5 a6 4. Ba4 Nf6 5. O-O Be7 6. Re1 b5 7. Bb3 d6 8. c3 O-O 9. h3 Na5 10. Bc2 c5 11. d4 Qc7 12. d5 Bd7 13. Nbd2 c4 14. Nf1 Nb7 15. Ng3 a5 16. Nh2 Rfb8 17. f4 b4 18. Nf3 Nc5 19. Be3 a4 20. cxb4 Rxb4 21. Bd2 Rxb2 22. Bc3 Rxc2 23. Qxc2 exf4 24. e5 Nxd5 25. Ne4 Nxe4 26. Qxe4 Nxc3 27. Qxa8+ Bf8 28. exd6 Qc5+ 29. Kh1 Bc6 30. Qc8 Qb5 31. Ne5 Bxg2+ 32. Kxg2 Qb2+ 33. Kh1 Ne2 34. Qc5 f3 35. Nxf3 Nf4 36. Qg1 Qc3 37. Qf1 Nh5 38. Qf2 g6 39. Rac1 Qa3 40. d7 Be7 41. Rxe7 Qxe7 42. Rd1 Qd8 43. Qe3 Nf6 44. Ne5 Kg7 45. Nc6 Qa8 46. d8=Q Qxc6+ 47. Kg1 c3 48. Qdd4 c2 49. Rc1 Kg8 50. Qf2 Nh5 51. Qd8+ Kg7 52. Qfd4+ Kh6 53. Qe3+ Kg7 54. Qdd4+ f6 55. Qe7+ Kh6 56. Qf8+ Kg5 57. Qfc5+ f5 58. Qxc6 Nf4 59. Qxf4+ Kxf4 60. Qc4+ Kg5 61. Qxa4 Kh5 62. Qxc2 g5 63. Qxf5 h6 64. Qg4+ Kg6 65. Rc6+ Kf7 66. Qd7+ Kf8 67. Rc8# 1-0


[Site "https://www.chess.com"]

[Event "Titled Tuesday Blitz November 01 Early 2022"]
[White "Koridze, Lile"]
[Black "Yurasova, Daria"]
[WhiteFideId "13612514"]
[BlackFideId "34146919"]
[WhiteElo "2050"]
[BlackElo "2044"]
[Result "1-0"]
[Round "04"]
[TimeControl "180+1"]
[Date "2022.11.02"]
[WhiteClock "0:00:15"]
[BlackClock "0:00:03"]

1. d4 d5 2. c4 dxc4 3. e3 Nf6 4. Bxc4 e6 5. Nf3 a6 6. a4 c5 7. O-O Nc6 8. Nc3 cxd4 9. exd4 Nb4 10. Bg5 Be7 11. Qb3 Nbd5 12. Rfe1 O-O 13. Rad1 Qc7 14. Bxd5 exd5 15. Bxf6 Bxf6 16. Nxd5 Qd6 17. Nxf6+ Qxf6 18. Ne5 Be6 19. Qxb7 Rab8 20. Qxa6 Rxb2 21. Re2 Rbb8 22. Rde1 Ra8 23. Qb5 h6 24. d5 Bf5 25. Nd7 Bxd7 26. Qxd7 Qd4 27. Re4 Qd2 28. g3 Rad8 29. Qb5 Rxd5 30. Qb3 Rf5 31. R4e2 Qd4 32. Kg2 Kh7 33. Qc2 g6 34. Re4 Qd5 35. Kg1 Rd8 36. Re7 Rf6 37. Qe2 Qd4 38. a5 Rd5 39. a6 Rdf5 40. Rf1 Qa4 41. Re4 Qxa6 42. Qe3 Qc6 43. Re7 Rf3 44. Qe2 Qd5 45. Rd1 Qc5 46. Rd2 h5 47. Qe1 Qc6 48. Re8 Kg7 49. Rde2 Rc3 50. Rd8 Rc1 51. Rd1 Rc3 52. Re7 Rc2 53. Re2 Rc5 54. h4 Rcf5 55. Rc1 Qf3 56. Rc3 Qg4 57. Kg2 Rd5 58. Re4 Qf5 59. Rf4 Qd7 60. Rxf6 Kxf6 61. Rf3+ Kg7 62. Qa1+ Kh7 63. Re3 1-0


[Site "https://www.chess.com"]

[Event "Titled Tuesday Blitz November 01 Early 2022"]
[White "Kovalenko, Igor"]
[Black "Volkov, Maksim"]
[WhiteFideId "14117908"]
[BlackFideId "54123070"]
[WhiteElo "2574"]
[BlackElo "2257"]
[Result "1-0"]
[Round "04"]
[TimeControl "180+1"]
[Date "2022.11.01"]
[WhiteClock "0:00:31"]
[BlackClock "0:00:16"]

1. c4 e6 2. Nc3 d5 3. d4 c6 4. e3 Nf6 5. Nf3 Nbd7 6. Qc2 Bd6 7. b3 b6 8. Bb2 Bb7 9. Bd3 O-O 10. O-O Rc8 11. Rac1 c5 12. cxd5 cxd4 13. Nxd4 Bxd5 14. Qe2 Bb7 15. Rfd1 Qe7 16. Ndb5 Bb8 17. Ba3 Nc5 18. Na4 Nfd7 19. Qh5 g6 20. Qh6 a6 21. Nd4 Qf6 22. Nxc5 Nxc5 23. Bb1 Rfd8 24. Bb2 e5 25. Ne2 Qc6 26. Qh3 a5 27. Ng3 f6 28. Rf1 Qd7 29. Qh4 Qc6 30. Be4 Qe6 31. Rxc5 Rxc5 32. Bxb7 Rd2 33. Ba3 Rc7 34. Ba6 Rxa2 35. Bc1 Kg7 36. Bc4 Qd7 37. e4 b5 38. Qh6+ 1-0


[Site "https://www.chess.com"]

[Event "Titled Tuesday Blitz November 01 Early 2022"]
[White "Krysa, Leandro"]
[Black "Harriott, Tyrell"]
[WhiteFideId "116807"]
[BlackFideId "2086484"]
[WhiteElo "2486"]
[BlackElo "2107"]
[Result "1-0"]
[Round "04"]
[TimeControl "180+1"]
[Date "2022.11.02"]
[WhiteClock "0:00:29"]
[BlackClock "0:00:13"]

1. e4 e6 2. d4 d5 3. e5 c5 4. c3 Nc6 5. Nf3 f5 6. exf6 Nxf6 7. Bd3 Bd6 8. O-O O-O 9. Re1 Ng4 10. h3 Nxf2 11. Kxf2 Qh4+ 12. Kf1 cxd4 13. Nd2 Ne5 14. Qe2 Nxd3 15. Qxd3 e5 16. Kg1 Qg3 17. Nf1 Rxf3 18. Qxf3 Qxe1 19. Qxd5+ Kh8 20. Qxd6 Bf5 21. Qe7 Rg8 22. cxd4 Bxh3 23. Qxe5 Qxe5 24. dxe5 Bf5 25. Be3 a6 26. Nd2 h6 27. Nf3 Re8 28. Rd1 Kh7 29. Rd6 Bg6 30. Kf2 Bh5 31. Rd7 Rf8 32. Rxb7 Kg6 33. Rb6+ Kh7 34. Rxa6 Be8 35. Ra8 Kg8 36. b4 Kf7 37. a4 Ke7 38. Bc5+ Kf7 39. Bxf8 Kxf8 40. b5 Kf7 41. b6 Bc6 42. b7 Bxb7 43. Ra7 Kg6 44. Rxb7 h5 45. a5 Kh6 46. a6 h4 47. a7 h3 48. gxh3 Kh5 49. a8=Q Kg6 50. Qc8 Kh7 51. Qf5+ Kh6 52. Rb6+ 1-0


[Site "https://www.chess.com"]

[Event "Titled Tuesday Blitz November 01 Early 2022"]
[White "Kustar, Sandor"]
[Black "Jaracz, Pawel"]
[WhiteFideId "702900"]
[BlackFideId "1102222"]
[WhiteElo "2387"]
[BlackElo "2459"]
[Result "0-1"]
[Round "04"]
[TimeControl "180+1"]
[Date "2022.11.02"]
[WhiteClock "0:00:02"]
[BlackClock "0:00:28"]

1. Nf3 g6 2. d4 Bg7 3. c4 d6 4. g3 c6 5. Bg2 Bf5 6. Nc3 Qd7 7. Qb3 Na6 8. e4 Bg4 9. Be3 Rb8 10. Rd1 Bh3 11. O-O Bxg2 12. Kxg2 Nf6 13. h3 O-O 14. e5 Ne8 15. Rfe1 Nac7 16. Bf4 Ne6 17. Bc1 N8c7 18. d5 Nc5 19. Qc2 a5 20. Be3 N7a6 21. Ne4 Nxe4 22. Qxe4 cxd5 23. Rxd5 Qa4 24. a3 dxe5 25. Nxe5 Nc7 26. Rd2 f5 27. Qd4 b5 28. c5 Qxd4 29. Bxd4 Ne6 30. Nc6 Nxd4 31. Nxd4 Rfd8 32. Red1 b4 33. Nc6 Rxd2 0-1


[Site "https://www.chess.com"]

[Event "Titled Tuesday Blitz November 01 Early 2022"]
[White "Kvaloy, Aksel Bu"]
[Black "Ristic, Nebojsa B"]
[WhiteFideId "1528815"]
[BlackFideId "935468"]
[WhiteElo "2178"]
[BlackElo "2320"]
[Result "0-1"]
[Round "04"]
[TimeControl "180+1"]
[Date "2022.11.02"]
[WhiteClock "0:00:01"]
[BlackClock "0:00:46"]

1. d4 Nf6 2. c4 e6 3. g3 g6 4. Nc3 Bg7 5. e4 d6 6. Bg2 O-O 7. Nge2 Nc6 8. O-O e5 9. Be3 Ng4 10. d5 Nxe3 11. fxe3 Ne7 12. b4 f5 13. exf5 Nxf5 14. Qd3 Bh6 15. Rf3 Bd7 16. Raf1 Qe7 17. e4 Ng7 18. Rxf8+ Rxf8 19. Rxf8+ Qxf8 20. Nd1 Qf6 21. c5 a6 22. Nec3 Qg5 23. a4 Nh5 24. a5 Qc1 25. c6 bxc6 26. dxc6 Bg4 27. Bf3 Nf6 28. Bxg4 Nxg4 29. Kg2 Bd2 30. Qf3 h5 31. h3 Qc2 32. hxg4 Bxc3+ 33. Kh3 Bxb4 34. gxh5 gxh5 35. Qxh5 Qxe4 36. Qe8+ Kg7 37. Nf2 Qf5+ 38. Ng4 Qf7 39. Qd7 Bxa5 40. Qc8 d5 41. Ne3 Bb6 42. Nf5+ Kf6 43. Nh4 Qe6+ 0-1


[Site "https://www.chess.com"]

[Event "Titled Tuesday Blitz November 01 Early 2022"]
[White "Laohawirapap, Prin"]
[Black "Fier, Alexandr"]
[WhiteFideId "6205003"]
[BlackFideId "2107139"]
[WhiteElo "2113"]
[BlackElo "2607"]
[Result "0-1"]
[Round "04"]
[TimeControl "180+1"]
[Date "2022.11.02"]
[WhiteClock "0:00:04"]
[BlackClock "0:00:54"]

1. d4 Nf6 2. Nc3 c5 3. d5 d6 4. Nf3 g6 5. e4 Bg7 6. h3 O-O 7. Be2 Na6 8. O-O Nc7 9. Be3 Rb8 10. a4 a6 11. a5 Nd7 12. Nd2 b6 13. axb6 Nxb6 14. Ra2 f5 15. exf5 Bxf5 16. Nc4 Nxc4 17. Bxc4 Rb4 18. Qe2 Qb8 19. Bc1 Re8 20. Bxa6 e6 21. Bd3 exd5 22. Qf3 Bxd3 23. Qxd3 d4 24. Ne4 Nd5 25. Qf3 Rf8 26. Qg3 Be5 27. Qh4 Qb7 28. Bh6 Rb8 29. Qg4 Qf7 30. Ng5 Qf5 31. Qe2 Nf4 32. Qf3 R4b7 33. Ne4 Nxh3+ 34. Qxh3 Qxe4 35. b3 Rf7 36. Rfa1 Bg7 37. Bxg7 Kxg7 38. Qg3 Rbf8 39. f3 Qe3+ 40. Qf2 Qg5 41. Kf1 Re8 42. Ra7 Ree7 43. Rxe7 Rxe7 44. Re1 Rxe1+ 45. Qxe1 Qe5 46. Qa5 Kh6 47. Qd8 Qf4 48. Ke2 Qe3+ 49. Kd1 Qg1+ 50. Kd2 Qxg2+ 51. Kc1 Qxf3 52. Qxd6 Qe3+ 53. Kb1 Qe1+ 54. Kb2 Qc3+ 55. Kb1 Kh5 56. Qh2+ Kg4 57. Qe2+ Qf3 58. Qe6+ Qf5 59. Qe2+ Kg3 60. Qe1+ Qf2 61. Qe5+ Qf4 62. Qe1+ Kg2 63. Qe2+ Kg1 64. Qe1+ Qf1 65. Qxf1+ Kxf1 0-1


[Site "https://www.chess.com"]

[Event "Titled Tuesday Blitz November 01 Early 2022"]
[White "Lawson, Eric"]
[Black "Fawzy, Adham"]
[WhiteFideId "2604116"]
[BlackFideId "10613129"]
[WhiteElo "2522"]
[BlackElo "2541"]
[Result "1-0"]
[Round "04"]
[TimeControl "180+1"]
[Date "2022.11.02"]
[WhiteClock "0:00:39"]
[BlackClock "0:00:08"]

1. d4 d5 2. c4 c6 3. Nf3 Nf6 4. Nc3 e6 5. Bg5 Nbd7 6. e3 Qa5 7. Qb3 dxc4 8. Bxc4 Ne4 9. Bh4 Bb4 10. O-O Bxc3 11. Bxe6 Bb4 12. Bxf7+ Kf8 13. a3 Bd6 14. Rad1 Qb5 15. Qa2 h6 16. Bg6 Ndf6 17. Qf7# 1-0


[Site "https://www.chess.com"]

[Event "Titled Tuesday Blitz November 01 Early 2022"]
[White "Lazavik, Denis"]
[Black "Horobetz, Graham"]
[WhiteFideId "13515110"]
[BlackFideId "2047322"]
[WhiteElo "2437"]
[BlackElo "2603"]
[Result "1-0"]
[Round "04"]
[TimeControl "180+1"]
[Date "2022.11.01"]
[WhiteClock "0:01:38"]
[BlackClock "0:00:39"]

1. d4 Nf6 2. c4 g6 3. g3 Bg7 4. Bg2 O-O 5. Nc3 d6 6. Nf3 c5 7. O-O Nc6 8. dxc5 dxc5 9. Bf4 Be6 10. Ne5 Na5 11. Qe1 Nh5 12. Rd1 Qc8 13. Nd5 Bxd5 14. cxd5 Nxf4 15. gxf4 b6 16. b4 cxb4 17. Qxb4 Qf5 18. Nd3 Rac8 19. e4 Qg4 20. Qxe7 Bd4 21. Kh1 Rc3 22. Ne5 Bxe5 23. fxe5 Qc8 24. Qf6 Nc4 25. d6 Qd7 26. e6 1-0


[Site "https://www.chess.com"]

[Event "Titled Tuesday Blitz November 01 Early 2022"]
[White "Le, Tuan Minh"]
[Black "Vrbljanac, Aleksandar"]
[WhiteFideId "12401153"]
[BlackFideId "932817"]
[WhiteElo "2530"]
[BlackElo "2309"]
[Result "0-1"]
[Round "04"]
[TimeControl "180+1"]
[Date "2022.11.01"]
[WhiteClock "0:00:06"]
[BlackClock "0:00:03"]

1. d4 d5 2. Nf3 Nf6 3. Bf4 c5 4. c3 Nc6 5. e3 Qb6 6. Qc2 Bg4 7. Ne5 Bh5 8. Nd2 e6 9. dxc5 Bxc5 10. Nb3 Be7 11. Bd3 Rc8 12. Nxc6 bxc6 13. O-O O-O 14. c4 Bg6 15. Rac1 Rfd8 16. Rfd1 a5 17. cxd5 Nxd5 18. Bxg6 hxg6 19. Be5 c5 20. Nd2 Nb4 21. Qb1 Qb5 22. Bc3 a4 23. Nf3 Nd3 24. Rc2 Rd7 25. Rcd2 Rcd8 26. a3 c4 27. h3 Rb7 28. Ne5 Bxa3 29. Nxc4 Qxc4 30. Rxd3 Rxd3 31. Rxd3 Bxb2 32. Bxb2 Qb4 33. Rd8+ Kh7 34. Qd1 Qxb2 35. Qxa4 Qc1+ 36. Kh2 Qc7+ 37. g3 Qxd8 38. Qh4+ Qxh4 0-1


[Site "https://www.chess.com"]

[Event "Titled Tuesday Blitz November 01 Early 2022"]
[White "Lee, Linden"]
[Black "Chernov, Mikhail"]
[WhiteFideId "30941830"]
[BlackFideId "24143170"]
[WhiteElo "2488"]
[BlackElo "2113"]
[Result "1-0"]
[Round "04"]
[TimeControl "180+1"]
[Date "2022.11.02"]
[WhiteClock "0:00:15"]
[BlackClock "0:00:03"]

1. d4 d5 2. c4 c6 3. Nc3 Nf6 4. Nf3 e6 5. Bg5 dxc4 6. e4 b5 7. e5 h6 8. Bh4 g5 9. Nxg5 hxg5 10. Bxg5 Nbd7 11. g3 Qb6 12. exf6 Bb7 13. Bg2 O-O-O 14. O-O c5 15. d5 b4 16. Na4 Qb5 17. b3 c3 18. a3 Nb6 19. Nxb6+ Qxb6 20. axb4 cxb4 21. Qe2 exd5 22. Be3 Bc5 23. Bxc5 Qxc5 24. Ra4 Rhe8 25. Qg4+ Kb8 26. Rxb4 a5 27. Ra4 d4 28. Rc4 Qb6 29. Qf4+ Ka7 30. Rc7 Rb8 31. Ra1 Rec8 32. Rxf7 c2 33. Qg5 Rc5 34. Qd2 Rbc8 35. Rxb7+ Qxb7 36. Bxb7 c1=Q+ 37. Rxc1 Rxc1+ 38. Kg2 Kxb7 39. Qxd4 R1c7 40. Qd5+ Kb6 41. f7 Rf8 42. Qd6+ 1-0


[Site "https://www.chess.com"]

[Event "Titled Tuesday Blitz November 01 Early 2022"]
[White "Levine, David"]
[Black "Manukian, Artak"]
[WhiteFideId "2011611"]
[BlackFideId "13301373"]
[WhiteElo "2222"]
[BlackElo "2458"]
[Result "0-1"]
[Round "04"]
[TimeControl "180+1"]
[Date "2022.11.02"]
[WhiteClock "0:00:03"]
[BlackClock "0:00:27"]

1. d4 Nf6 2. c4 e6 3. g3 d5 4. Bg2 c5 5. cxd5 exd5 6. Nf3 Nc6 7. O-O h6 8. Nc3 c4 9. Ne5 Be6 10. e4 dxe4 11. Nxc6 bxc6 12. Nxe4 Nxe4 13. Bxe4 Bd5 14. Re1 Be7 15. Qe2 a5 16. Bf4 Ra7 17. b3 cxb3 18. axb3 O-O 19. Bxd5 cxd5 20. Qb5 Bf6 21. Be5 Bxe5 22. Rxe5 Qb8 23. Rxd5 Rb7 24. Qxa5 Rxb3 25. Re5 Rb1+ 26. Re1 Rxa1 27. Rxa1 Qd8 28. d5 Qxa5 29. Rxa5 Rd8 30. f4 g5 31. fxg5 hxg5 32. Kf2 Kg7 33. Ke3 Kf6 34. Kd4 Rh8 35. Ra2 g4 36. Rf2+ Ke7 37. Ke5 Rh5+ 38. Kf4 Rxd5 39. Kxg4 f6 40. h4 Kf7 41. h5 Kg7 42. Rf4 Rd1 43. Ra4 Kh6 44. Ra6 Rd4+ 0-1


[Site "https://www.chess.com"]

[Event "Titled Tuesday Blitz November 01 Early 2022"]
[White "Lewtak, Damian"]
[Black "Biastoch, Bennet"]
[WhiteFideId "1141724"]
[BlackFideId "12939889"]
[WhiteElo "2329"]
[BlackElo "2221"]
[Result "1-0"]
[Round "04"]
[TimeControl "180+1"]
[Date "2022.11.02"]
[WhiteClock "0:02:17"]
[BlackClock "0:00:15"]

1. g3 d5 2. Bg2 c6 3. c4 Nf6 4. b3 e5 5. Bb2 Bd6 6. e3 O-O 7. d3 Be6 8. Nd2 Nbd7 9. Ngf3 Re8 10. O-O Qc7 11. Rc1 Rac8 12. cxd5 Nxd5 13. Nc4 f6 14. Nxd6 Qxd6 15. e4 Nb4 16. d4 exd4 17. Nxd4 Bf7 18. a3 Na6 19. Nf5 Qxd1 20. Rfxd1 Rcd8 21. Nd6 Rf8 22. Nxb7 Bxb3 23. Rd3 Nac5 24. Nxc5 Nxc5 25. Rxd8 Rxd8 26. Rxc5 Rd1+ 27. Bf1 Ba4 28. Kg2 1-0


[Site "https://www.chess.com"]

[Event "Titled Tuesday Blitz November 01 Early 2022"]
[White "Ljukin, Sergei"]
[Black "Kis, Lorand Bela"]
[WhiteFideId "14102200"]
[BlackFideId "2024098"]
[WhiteElo "2312"]
[BlackElo "2085"]
[Result "1-0"]
[Round "04"]
[TimeControl "180+1"]
[Date "2022.11.02"]
[WhiteClock "0:00:03"]
[BlackClock "0:00:01"]

1. e4 g6 2. d4 Bg7 3. Nc3 c5 4. dxc5 Nc6 5. Be3 Nf6 6. f3 O-O 7. Bc4 b6 8. cxb6 axb6 9. Nge2 d6 10. O-O Ne5 11. Bb3 Ba6 12. Re1 b5 13. a3 Nc4 14. Bxc4 bxc4 15. Nd4 Qc7 16. Qd2 Rfb8 17. Reb1 Rb7 18. a4 Rd8 19. Ndb5 Qb8 20. Bd4 e6 21. Kh1 Rbd7 22. Rd1 h6 23. Qf2 d5 24. e5 Ne8 25. f4 Nc7 26. Nd6 Ne8 27. Nxe8 Rxe8 28. Rdb1 Rc8 29. b4 cxb3 30. cxb3 Rb7 31. Qa2 Bf8 32. Rb2 h5 33. Rab1 Bb4 34. Ne2 Bd3 35. Rd1 Ba6 36. h3 h4 37. Ng1 Rc6 38. Nf3 Be7 39. Rdb1 Qc7 40. b4 Rc1+ 41. Kh2 Rxb1 42. Rxb1 Qc4 43. Qxc4 Bxc4 44. b5 Bd3 45. Rc1 Rb8 46. Rc7 Bd8 47. Ra7 Bb6 48. Bxb6 Rxb6 49. Nd4 Kg7 50. Rc7 g5 51. fxg5 Kg6 52. Rc5 Kxg5 53. a5 Rb8 54. b6 Kf4 55. Nc6 Rg8 56. Rc1 Be4 57. Rg1 d4 58. Nxd4 Kxe5 59. Nf3+ Kf4 60. Rf1 Ke3 61. Nxh4 f5 62. Re1+ Kf4 63. a6 e5 64. b7 1-0


[Site "https://www.chess.com"]

[Event "Titled Tuesday Blitz November 01 Early 2022"]
[White "Lohani, Sujana"]
[Black "Martinez Molina, Carlos Alberto"]
[WhiteFideId "12311987"]
[BlackFideId "5122708"]
[WhiteElo "1691"]
[BlackElo "2212"]
[Result "0-1"]
[Round "04"]
[TimeControl "180+1"]
[Date "2022.11.02"]
[WhiteClock "0:01:53"]
[BlackClock "0:00:47"]

1. d4 Nf6 2. Nf3 c5 3. d5 d6 4. h3 e6 5. c3 exd5 6. Bg5 Be6 7. e3 Nbd7 8. Bb5 Be7 9. O-O O-O 10. Re1 a6 11. Ba4 b5 12. Bc2 h6 13. Bh4 Ne4 14. Bxe7 Qxe7 15. Nbd2 Ndf6 16. Nb3 Rab8 17. Na5 Qc7 18. b4 Nxc3 19. Qd3 cxb4 20. Nb3 Qc4 21. Qd2 Nfe4 22. Qc1 Ne2+ 23. Rxe2 Qxe2 24. Nbd4 Qxf2+ 25. Kh2 Bxh3 0-1


[Site "https://www.chess.com"]

[Event "Titled Tuesday Blitz November 01 Early 2022"]
[White "Madaminov, Mukhiddin"]
[Black "Nakamura, Hikaru"]
[WhiteFideId "14210703"]
[BlackFideId "2016192"]
[WhiteElo "2860"]
[BlackElo "3241"]
[Result "0-1"]
[Round "04"]
[TimeControl "180+1"]
[Date "2022.11.01"]
[WhiteClock "0:00:03"]
[BlackClock "0:00:25"]

1. d4 f5 2. Bg5 c6 3. e3 d6 4. Nd2 Nd7 5. Ne2 Ndf6 6. c4 e5 7. Nc3 h6 8. Bxf6 Nxf6 9. Be2 g6 10. O-O Bg7 11. dxe5 dxe5 12. c5 Qe7 13. b4 O-O 14. Nc4 Rd8 15. Qc2 Ne8 16. Rad1 Be6 17. f3 h5 18. a3 h4 19. Na5 Bh6 20. e4 Be3+ 21. Kh1 Qf7 22. Rxd8 Rxd8 23. Bd3 Ng7 24. Ne2 fxe4 25. Bxe4 Rd2 26. Qc3 Rxe2 27. Qd3 Rf2 28. Qd8+ Qe8 29. Qxe8+ Nxe8 30. Rxf2 Bxf2 31. Nxb7 Bd5 32. Nd8 Nf6 33. Nxc6 Nxe4 34. Ne7+ Kf7 35. Nxd5 Ng5 36. c6 Ke6 37. c7 Kd7 38. Ne7 Kxc7 39. Nxg6 Kd6 40. g3 h3 0-1


[Site "https://www.chess.com"]

[Event "Titled Tuesday Blitz November 01 Early 2022"]
[White "Makarian, Rudik"]
[Black "Vlassov, Nikolai"]
[WhiteFideId "44105681"]
[BlackFideId "4103360"]
[WhiteElo "2405"]
[BlackElo "2324"]
[Result "1-0"]
[Round "04"]
[TimeControl "180+1"]
[Date "2022.11.02"]
[WhiteClock "0:00:42"]
[BlackClock "0:00:26"]

1. Nf3 c5 2. g3 Nc6 3. Bg2 e5 4. d3 d5 5. O-O f6 6. Nc3 Be6 7. e4 d4 8. Nd5 Nge7 9. c4 dxc3 10. Nxe7 cxb2 11. Bxb2 Bxe7 12. Nh4 O-O 13. f4 exf4 14. gxf4 f5 15. Nxf5 Bxf5 16. exf5 Nd4 17. Kh1 Rxf5 18. Rb1 Rb8 19. Qg4 Rf7 20. Bxd4 Qxd4 21. Bxb7 Kh8 22. Be4 Rxb1 23. Rxb1 c4 24. Qh5 g6 25. Bxg6 Rg7 26. Rb8+ Bd8 27. Qe5 Qd7 28. Bf5 Qc6+ 29. Be4 Qd7 30. Qf6 1-0


[Site "https://www.chess.com"]

[Event "Titled Tuesday Blitz November 01 Early 2022"]
[White "Makhmudov, Shukhrat"]
[Black "Do Nascimento,Christian Almeida"]
[WhiteFideId "14200775"]
[BlackFideId "2143801"]
[WhiteElo "2135"]
[BlackElo "2079"]
[Result "0-1"]
[Round "04"]
[TimeControl "180+1"]
[Date "2022.11.02"]
[WhiteClock "0:00:47"]
[BlackClock "0:00:12"]

1. d4 Nf6 2. c4 e6 3. Nc3 Bb4 4. f3 d5 5. a3 Bxc3+ 6. bxc3 O-O 7. Qc2 Nbd7 8. e4 dxe4 9. fxe4 e5 10. Nf3 Re8 11. Bd3 b6 12. O-O h6 13. a4 Bb7 14. Nd2 Nf8 15. a5 exd4 16. cxd4 Qxd4+ 17. Kh1 Qxa1 18. Bb2 Qxa5 19. Rf5 Qb4 20. Bc3 Qe7 21. Qb2 Rad8 22. Rxf6 gxf6 23. Bxf6 Qe6 24. Nf3 Rxd3 25. h3 Rxf3 26. Bh8 Rf1+ 27. Kh2 Qg6 28. Qe2 Kxh8 29. Qxf1 Bxe4 30. g4 Qd6+ 31. Kg1 Qg3+ 32. Qg2 Qxg2# 0-1


[Site "https://www.chess.com"]

[Event "Titled Tuesday Blitz November 01 Early 2022"]
[White "Manelyuk, Daniil"]
[Black "Salgado Lopez, Ivan"]
[WhiteFideId "44173920"]
[BlackFideId "2257327"]
[WhiteElo "2209"]
[BlackElo "2594"]
[Result "1-0"]
[Round "04"]
[TimeControl "180+1"]
[Date "2022.11.02"]
[WhiteClock "0:01:29"]
[BlackClock "0:01:25"]

1. e4 c6 2. d4 d5 3. e5 Bf5 4. h4 h5 5. Bd3 Bxd3 6. Qxd3 e6 7. Bg5 Qa5+ 8. Nd2 c5 9. Ne2 cxd4 10. Nxd4 Nc6 11. Nxc6 bxc6 12. O-O Ne7 13. c4 Qa6 14. b4 Ng6 15. b5 dxc4 16. Nxc4 cxb5 17. Rfd1 Qc8 18. Nb6 Nxe5 19. Qxb5+ Qc6 20. Nxa8 1-0


[Site "https://www.chess.com"]

[Event "Titled Tuesday Blitz November 01 Early 2022"]
[White "Maranhao,Jose Renato Ruiz"]
[Black "Ardila, Oscar Humberto"]
[WhiteFideId "2135175"]
[BlackFideId "4404742"]
[WhiteElo "1970"]
[BlackElo "1898"]
[Result "0-1"]
[Round "04"]
[TimeControl "180+1"]
[Date "2022.11.02"]
[WhiteClock "0:00:02"]
[BlackClock "0:01:08"]

1. g3 Nf6 2. Bg2 g6 3. b3 Bg7 4. Bb2 O-O 5. d3 d6 6. Nd2 Nbd7 7. e4 e5 8. Ne2 c6 9. O-O Qc7 10. h3 Re8 11. Re1 Nf8 12. Nf1 Be6 13. c4 Rad8 14. Ne3 Bc8 15. a4 a5 16. Qd2 Ne6 17. f4 Nc5 18. Qc3 Qb6 19. Nc1 exf4 20. gxf4 Nh5 21. Qc2 Nxf4 22. Bf1 Bxh3 23. Bxg7 Kxg7 24. Ra2 Bxf1 25. Kxf1 Nce6 26. Qh2 h5 27. Rf2 Qd4 28. Qg3 Kh7 29. Rxf4 Nxf4 30. Qxf4 Qe5 31. Qxf7+ Qg7 32. Qxg7+ Kxg7 33. Ne2 Rf8+ 34. Kg2 Kh6 35. Nd4 Rde8 36. Nf3 Rf4 37. Rf1 Ref8 38. Nc2 Rg4+ 39. Kh3 g5 40. Ncd4 Rgf4 41. Kg2 g4 0-1


[Site "https://www.chess.com"]

[Event "Titled Tuesday Blitz November 01 Early 2022"]
[White "Martinez, Shawn"]
[Black "Mirzoev, Azer"]
[WhiteFideId "2039770"]
[BlackFideId "13400304"]
[WhiteElo "2174"]
[BlackElo "2525"]
[Result "0-1"]
[Round "04"]
[TimeControl "180+1"]
[Date "2022.11.02"]
[WhiteClock "0:00:03"]
[BlackClock "0:01:17"]

1. e4 c5 2. Nc3 e6 3. g3 a6 4. Bg2 b5 5. Nge2 Bb7 6. O-O b4 7. Nb1 d6 8. b3 Nf6 9. d3 Be7 10. Bb2 Qc7 11. Nd2 Nbd7 12. h3 O-O 13. f4 a5 14. a4 Nb6 15. g4 d5 16. g5 Nfd7 17. Ng3 c4 18. bxc4 dxc4 19. dxc4 Rfd8 20. Qe2 Nc5 21. Nh5 Bf8 22. Be5 Qd7 23. Nb3 Nbxa4 24. Rad1 Qe8 25. Rxd8 Qxd8 26. Rf3 Nc3 27. Rxc3 bxc3 28. Bxc3 a4 29. Nd4 a3 30. Qg4 a2 31. Ba1 Bxe4 32. Bxe4 Nxe4 33. Nxe6 Qb6+ 0-1


[Site "https://www.chess.com"]

[Event "Titled Tuesday Blitz November 01 Early 2022"]
[White "Matveeva, Olga"]
[Black "Vusatiuk, Vladimir"]
[WhiteFideId "24107018"]
[BlackFideId "14118610"]
[WhiteElo "2055"]
[BlackElo "2208"]
[Result "0-1"]
[Round "04"]
[TimeControl "180+1"]
[Date "2022.11.02"]
[WhiteClock "0:00:14"]
[BlackClock "0:00:24"]

1. d4 Nf6 2. c4 c6 3. Nf3 d5 4. e3 g6 5. Nc3 Bg7 6. Bd3 O-O 7. O-O Bg4 8. h3 Bxf3 9. Qxf3 e6 10. b3 Nbd7 11. cxd5 exd5 12. Bb2 Re8 13. Rac1 Nf8 14. b4 Qd6 15. b5 Ne6 16. bxc6 bxc6 17. Rc2 Ng5 18. Qe2 Nh5 19. Qg4 h6 20. Rfc1 f5 21. Bxf5 Nf6 22. Qf4 Qxf4 23. exf4 gxf5 24. fxg5 hxg5 25. Na4 Rab8 26. Ba3 Ne4 27. Rxc6 Bxd4 28. R1c2 Nxf2 29. Kh2 Be5+ 30. g3 Ne4 31. Nc5 Nxg3 32. Nd7 Nf1+ 33. Kg1 Ne3 34. Re2 Rb1+ 35. Kf2 Bd4 36. Nf6+ Bxf6 37. Rxf6 f4 38. Rg6+ Kf7 39. Rxg5 Rf1# 0-1


[Site "https://www.chess.com"]

[Event "Titled Tuesday Blitz November 01 Early 2022"]
[White "Mekhitarian, Krikor Sevag"]
[Black "Navara, David"]
[WhiteFideId "2107660"]
[BlackFideId "309095"]
[WhiteElo "2614"]
[BlackElo "2676"]
[Result "0-1"]
[Round "04"]
[TimeControl "180+1"]
[Date "2022.11.01"]
[WhiteClock "0:00:01"]
[BlackClock "0:00:04"]

1. Nf3 c5 2. c4 Nf6 3. Nc3 Nc6 4. g3 g6 5. Bg2 Bg7 6. d4 cxd4 7. Nxd4 O-O 8. O-O Qa5 9. Nb3 Qh5 10. e4 Qxd1 11. Rxd1 d6 12. h3 Be6 13. Nd5 Rfc8 14. c5 Bxd5 15. exd5 Ne5 16. cxd6 exd6 17. Nd4 a6 18. Rb1 h5 19. b3 Ned7 20. Bf4 Bf8 21. Rb2 Nb6 22. Ne2 Rc7 23. Be3 Nbd7 24. Rbd2 Rac8 25. Bd4 Bh6 26. Nf4 h4 27. Kf1 hxg3 28. fxg3 Nh5 29. Bf2 Nxf4 30. gxf4 Bxf4 31. Rd4 Be5 32. R4d2 f5 33. Bf3 Kf7 34. Kg2 Rc2 35. Be2 Bf4 36. Rxc2 Rxc2 37. Kf1 Rxa2 38. h4 Nf6 39. Rd4 Ne4 40. Be1 Ra1 41. Rd1 Rxd1 42. Bxd1 Bg3 43. Bxg3 Nxg3+ 44. Kf2 Ne4+ 45. Ke3 Kf6 46. Kd4 b5 47. b4 g5 48. hxg5+ Kxg5 49. Bc2 Kf4 50. Bd3 Ng3 51. Bc2 Kg5 52. Bd1 f4 53. Bf3 Nf5+ 54. Ke4 Nh4 55. Bd1 Ng6 56. Be2 Ne7 57. Bf1 Nf5 58. Bh3 Ng3+ 59. Kf3 Nf5 60. Ke4 Ng3+ 61. Kf3 Nh5 62. Bc8 Nf6 63. Bxa6 Nxd5 64. Bxb5 Nxb4 65. Bc6 Nxc6 0-1


[Site "https://www.chess.com"]

[Event "Titled Tuesday Blitz November 01 Early 2022"]
[White "Melikhov, Evgeny V."]
[Black "Skliarov, Viktor"]
[WhiteFideId "4122046"]
[BlackFideId "14106736"]
[WhiteElo "2169"]
[BlackElo "2284"]
[Result "0-1"]
[Round "04"]
[TimeControl "180+1"]
[Date "2022.11.02"]
[WhiteClock "0:01:08"]
[BlackClock "0:02:01"]

1. d4 Nf6 2. c4 e6 3. Nc3 Bb4 4. Qc2 c5 5. dxc5 Na6 6. a3 Bxc3+ 7. Qxc3 Nxc5 8. f3 d5 9. cxd5 b6 10. e4 O-O 11. b4 Na4 12. Qc2 Bd7 13. dxe6 fxe6 14. Be3 Rc8 15. Qd2 Nxe4 16. fxe4 Qf6 17. Qxd7 Qxa1+ 0-1


[Site "https://www.chess.com"]